cohdb
Replays
Latest Replays
All Replays
Popular Replays
Top Player Replays
Match Explorer
How It Works
Community
CoH3 Stats
Reddit
Sign in to upload your games and track your stats! →
Sign in with Steam
Match 39968112
Unlisted
Match 39968112
Overview
Messages
Build Orders
End
Kradschützen Motorcycle Team
Selects Panzerjäger Kommand Battlegroup
Selects Blockade Equipment
Panzergrenadier Squad
Panzergrenadier Squad
Panzergrenadier Squad
Construct Light Support Kompanie
2.5-tonne Medical Truck
Selects Tank Busters
MG34 Team
Fire Support Elements
Panzerjäger Mechanized Group
Pak 38 Anti-tank Gun Team
Flakvierling Half-track
le.IG 18 Support Gun Team
Construct Panzerarmee Kommand
Pak 38 Mechanized Group
Ryūk7
SneaKerz
0
0
Comments
sign in to comment!
No comments posted yet!